 Dungeon Crawl Stone Soup version bcrawl-1.12-8-g964540c432 (webtiles) character file.

Game seed: 11873685920834155954

1396 MisterOstroum the Ducker (level 8, -4/70 HPs)
             Began as a Demonspawn Archaeologist on June 6, 2019.
             Killed by nerve-wracking pain
             ... invoked by Menkaure
              (14 damage)
             ... on level 5 of the Dungeon.
             The game lasted 00:28:41 (7317 turns).

MisterOstroum the Ducker (Demonspawn Archaeologist) Turns: 7317, Time: 00:28:41

Health: -4/70      AC: 17    Str: 11 (13) XL:     8   Next: 41%
Magic:  17/17      EV:  4    Int: 15      God:
Gold:   253        SH:  7    Dex: 17      Spells: 7/7 levels left

rFire    + . .     SeeInvis .   q - +0 whip (flame)
rCold    . . .     Gourm    .   s - +0 shield
rNeg     . . .     Faith    .   o - +0 chain mail
rPois    .         Spirit   .   b - +1 hat
rElec    .         Reflect  .   z - +1 cloak of Light {Dex+6}
rCorr    .         Harm     .   d - +1 pair of gloves
MR       .....                  c - +1 pair of boots
Stlth    ..........             (no amulet)
HPRegen  0.21/turn              C - ring of magical power
MPRegen  0.15/turn              v - ring of flight

@: studying Dodging
A: talons 2, iridescent scales 1, demonic guardian 1, deterioration 1, dopey 1,
fire resistance 1, robust 1
a: Evoke Flight


You were on level 5 of the Dungeon.
You were not hungry.

You visited 1 branch of the dungeon, and saw 6 of its levels.

You collected 319 gold pieces.
You spent 66 gold pieces at shops.

Inventory:

Hand Weapons
 a - a cursed -1 whip
 l - a +1 short sword of distortion
 p - a +0 hand axe
 q - a +0 whip of flaming (weapon)
 u - a +1 long sword of protection
 D - a +1 hunting sling of freezing
Missiles
 i - 223 bolts
 k - 48 javelins
 m - 1627 stones
 x - 51 tomahawks (quivered)
 E - 101 sling bullets
Armour
 b - a +1 hat (worn)
 c - a +1 pair of boots (worn)
 d - a +1 pair of gloves (worn)
 o - a +0 chain mail (worn)
 s - a +0 shield (worn)
 z - the +1 cloak of Light (worn) {Dex+6}
   (You found it on level 4 of the Dungeon)

   It affects your dexterity (+6).
Jewellery
 v - a ring of flight (right hand)
 C - a ring of magical power (left hand)
Scrolls
 h - 2 scrolls of enchant weapon {unknown}
 j - 6 scrolls of teleportation {@r3 !r}
 n - 2 scrolls of amnesia {unknown}
 t - a scroll of magic mapping {unknown}
 y - 2 scrolls of remove curse
 A - 6 scrolls of identify {unknown}
Potions
 r - a potion of curing {@q1 !q}
Books
 g - a manual of Dodging
Miscellaneous
 f - an ancient crate
Comestibles
 e - 5 rations {!d}


   Skills:
 - Level 6.0 Fighting
 - Level 5.7(5.8) Axes
 + Level 1.4(3.9) Maces & Flails
 + Level 6.9 Dodging
 - Level 3.0 Stealth
 + Level 0.7 Shields


You had 7 spell levels left.
You didn't know any spells.
Your spell library was empty.

Dungeon Overview and Level Annotations

Branches:
Dungeon (6/12)
 Temple: D:4-7

Altars:
The Shining One

Shops:
D:5 *

Annotations:
D:5 Menkaure


Innate Abilities, Weirdness & Mutations

You have razor-sharp toenails.
You are partially covered in iridescent scales. (AC +2)
A weak demonic guardian rushes to your aid.
Your flesh is heat resistant. (rF+)
Your body sometimes deteriorates upon taking damage.
You are dopey. (Int -2)
You are robust. (+10% HP)


Message History

The floor.
Throwing (i - inventory. (/) - cycle)
x - 52 tomahawks (quivered)
Press: ? - help, Shift-Dir - straight line, f/p - Menkaure
Aim: Menkaure You throw a tomahawk.
Your demonic guardian avoids your attack.
The tomahawk barely misses Menkaure.
Menkaure calls on the powers of darkness!
Your body is wracked with pain!
The freed slave convulses!
Your iron imp hits Menkaure.
Throwing (i - inventory. (/) - cycle)
x - 51 tomahawks (quivered)
Press: ? - help, Shift-Dir - straight line, f/p - Menkaure
Aim: Menkaure (lightly damaged)
Okay, then.
Menkaure gestures wildly while chanting.
Menkaure seems to speed up.
Your iron imp hits Menkaure but does no damage.
There is a stone staircase leading down here.
You climb downwards.
There is a stone staircase leading up here.
You start resting.
Eating one of 2 chunks of flesh.
You eat one of the 2 chunks of flesh.
This raw flesh tastes terrible.
All of the chunks of flesh in your inventory have rotted away.
HP restored.
Char dumped successfully.
Unknown command.
You climb upwards.
Level annotation: Menkaure
There is a stone staircase leading down here.
Menkaure hits you!
Your body deteriorates!
You feel weakened.
Your chain mail prevents you from hitting Menkaure.
Menkaure hits you but does no damage.
You hit Menkaure. You burn Menkaure.
Menkaure is lightly damaged.
Menkaure forgets how to speak, silenced by the ages.
Menkaure casts a spell at you. Pain shoots through your body!
You hit Menkaure but do no damage.
Menkaure is lightly damaged.
You hit Menkaure. You burn Menkaure.
Menkaure is heavily damaged.
Menkaure gestures wildly while chanting.
Menkaure seems to speed up.
You hit Menkaure but do no damage.
Menkaure is heavily damaged.
Menkaure hits you!
You swap places.
Something hits your iron imp!
Your iron imp dies!
Menkaure hits you. Menkaure hits you but does no damage.
Your chain mail prevents you from hitting Menkaure.
Menkaure is heavily damaged.
Menkaure whispers in an indecipherable tongue.
Menkaure calls on the powers of darkness!
Your body is wracked with pain!
You barely miss Menkaure.
Menkaure is heavily damaged.
Menkaure barely misses you.
Okay, then.
You hit Menkaure but do no damage.
Menkaure is heavily damaged.
Menkaure hits you!
* * * LOW HITPOINT WARNING * * *
You block Menkaure's attack.
There is a stone staircase leading down here.
Press: ? - help, v - describe, . - travel
Here: Menkaure (heavily damaged, fast)
The floor, spattered with blood.
Really quaff
r - 2 potions of curing {@q1 !q}?
You feel better. Menkaure hits you but does no damage.
You hit Menkaure but do no damage.
Menkaure is heavily damaged.
You block Menkaure's attack.
Your chain mail prevents you from hitting Menkaure.
Menkaure is heavily damaged.
Menkaure hits you but does no damage.
Your shield and chain mail prevent you from hitting Menkaure.
Menkaure is heavily damaged.
Menkaure calls on the powers of darkness!
Your body is wracked with pain!
* * * LOW HITPOINT WARNING * * *
The freed slave convulses!
Your shield and chain mail prevent you from hitting Menkaure.
Menkaure is moderately damaged.
Menkaure hits you but does no damage.
You hit Menkaure but do no damage.
Menkaure is moderately damaged.
You block Menkaure's attack.
You hit Menkaure. You burn Menkaure.
Menkaure is heavily damaged.
You block Menkaure's attack.
Your ufetubus hits Menkaure.
Your ufetubus barely misses Menkaure.
Menkaure hits you.
* * * LOW HITPOINT WARNING * * *
You hit Menkaure. You burn Menkaure.
Menkaure is severely damaged.
Your ufetubus barely misses Menkaure.
Your ufetubus closely misses Menkaure.
Menkaure casts a spell at you. Pain shoots through your body!
You die...

#.# ###.#.#.# #.##.# #........
#.##.# #.#.#.#.# #.##.#
##.#.....# # #.##.# ##..###.###
#### #.##.# #...# #.# ...# #.##.#
##.## #.# ##.# #.##5## #.# ##.##
##.## ###.#@M.#####.###.#.##
#...## #...).#..........###..
.....#######.......##........#.##
..................###.......#.##
...#.#######............#...)..#
###..#######.########..5M...##.#
#..........# #.......##.#
##..######### #.......##.##
##.#.# #............


You could see Menkaure and a friendly ufetubus.

Vanquished Creatures
  Pikel (D:5)
  Sigmund (D:3)
  Duvessa (D:4)
  An ogre (D:4)
  A phantom (D:5)
  A hound (D:2)
  A centaur skeleton (D:4)
  Ijyb (D:3)
  An orc wizard (D:4)
  2 worker ants (D:4)
  A hound skeleton (D:4)
  3 adders
  A shadow imp (D:5)
  An ooze (D:3)
  An adder zombie (D:5)
  4 worms
  2 dart slugs
  3 leopard geckos
  13 orcs
  3 bats
  3 giant cockroaches
  8 hobgoblins
  3 jackals (D:1)
  2 kobolds (D:2)
  5 quokkas
  A ball python (D:3)
  5 frilled lizards
  5 goblins
  A quokka skeleton (D:5)
  9 rats
85 creatures vanquished.

Vanquished Creatures (collateral kills)
  Grinder (D:4)
  2 sky beasts
  A centaur (D:5)
  Dowan (D:4)
  2 orcs (D:5)
7 creatures vanquished.

Grand Total: 92 creatures vanquished

Notes
Turn   | Place    | Note
-------+----------+-------------------------------------------
     0 | D:1      | MisterOstroum the Demonspawn Archaeologist began the quest
                  | for the Orb.
     0 | D:1      | Reached XP level 1. HP: 15/15 MP: 1/1
   436 | D:1      | Gained mutation: You have sharp toenails. [demonic
                  | ancestry]
   436 | D:1      | Reached XP level 2. HP: 22/22 MP: 2/2
  1502 | D:2      | Reached XP level 3. HP: 28/29 MP: 3/3
  1663 | D:2      | Found a glowing golden altar of the Shining One.
  2027 | D:2      | Reached skill level 1 in Axes
  2027 | D:2      | Gained mutation: Your flesh is heat resistant. (rF+)
                  | [demonic ancestry]
  2027 | D:2      | Reached XP level 4. HP: 35/35 MP: 4/4
  2319 | D:3      | Noticed Ijyb
  2384 | D:3      | Noticed Sigmund
  2780 | D:4      | Noticed Duvessa
  2804 | D:4      | Noticed Dowan
  3027 | D:3      | Gained mutation: You are dopey. (Int -2) [potion of
                  | mutation]
  3027 | D:3      | Gained mutation: Your body sometimes deteriorates upon
                  | taking damage. [potion of mutation]
  3027 | D:3      | Gained mutation: You are robust. (+10% HP) [potion of
                  | mutation]
  3408 | D:4      | Gained mutation: A weak demonic guardian rushes to your
                  | aid. [demonic ancestry]
  3408 | D:4      | Reached XP level 5. HP: 36/46 MP: 5/5
  4112 | D:4      | Noticed an ogre
  4125 | D:4      | Killed an ogre
  4302 | D:4      | Noticed Grinder
  4316 | D:4      | Paralysed by Grinder for 3 turns
  4397 | D:4      | Paralysed by Grinder for 3 turns
  4403 | D:4      | Paralysed by Grinder for 2 turns
  4528 | D:4      | Noticed a sky beast
  4589 | D:5      | Entered Level 5 of the Dungeon
  4590 | D:5      | Noticed an orc warrior
  4612 | D:5      | Noticed a phantom
  4640 | D:5      | Killed a phantom
  4640 | D:5      | Gained mutation: You have razor-sharp toenails. [demonic
                  | ancestry]
  4640 | D:5      | Reached XP level 6. HP: 38/53 MP: 6/6
  4825 | D:5      | Noticed Pikel
  4825 | D:5      | Noticed a slave
  4825 | D:5      | Noticed a slave
  4825 | D:5      | Noticed a slave
  4829 | D:5      | Noticed a slave
  4859 | D:5      | Killed Pikel
  4859 | D:5      | Reached skill level 5 in Fighting
  4859 | D:5      | Reached skill level 5 in Dodging
  4859 | D:5      | Gained mutation: You are partially covered in iridescent
                  | scales. (AC +2) [demonic ancestry]
  4859 | D:5      | Reached XP level 7. HP: 48/61 MP: 7/7
  4988 | D:4      | Got a distressingly furry cloak
  5020 | D:4      | Paralysed by Grinder for 4 turns
  5023 | D:4      | Killed Grinder
  5517 | D:4      | Killed Dowan
  5529 | D:4      | Killed Duvessa
  5529 | D:4      | Reached skill level 5 in Axes
  5529 | D:4      | Reached XP level 8. HP: 13/70 MP: 8/8
  6103 | D:3      | Killed Sigmund
  6346 | D:3      | Killed Ijyb
  6362 | D:3      | Identified the +1 cloak of Light {Dex+6} (You found it on
                  | level 4 of the Dungeon)
  6800 | D:5      | Found Hoedaz's General Store.
  6808 | D:5      | Bought 2 scrolls of remove curse for 66 gold pieces
  6847 | D:5      | Reached skill level 1 in Maces & Flails
  7031 | D:5      | Noticed Menkaure
  7317 | D:5      | Killed from afar by Menkaure

Skill      XL: |  1  2  3  4  5  6  7  8 |
---------------+-------------------------+-----
Fighting       | 2 3 4 5 6 |  6.0
Axes           | 1 2 4 5 |  5.7
Dodging        | 3 4 5 6 |  6.9
Maces & Flails | 1 |  1.4
Stealth        | |  3.0
Shields        | |  0.7

Action                   |  1- 3 |  4- 6 |  7- 9 || total
-------------------------+-------+-------+-------++-------
Melee: Unarmed           |   114 |     5 |     2 ||   121
       Hand axe          |   122 |   206 |   121 ||   449
       Club              |    20 |       |       ||    20
       Whip              |       |       |    89 ||    89
Throw: Stone             |    57 |    34 |    17 ||   108
       Javelin           |     4 |    20 |    15 ||    39
       Tomahawk          |       |    18 |     6 ||    24
       Throwing net      |       |     1 |     1 ||     2
  Use: Potion            |       |     5 |     1 ||     6
       Scroll            |       |     2 |     1 ||     3
 Stab: Sleeping          |     6 |       |       ||     6
       Distracted        |       |     1 |     1 ||     2
       Invisible         |       |       |     2 ||     2
  Eat: Chunk             |     4 |     9 |     8 ||    21
Armor: Robe              |    52 |       |       ||    52
       Chain mail        |   103 |   171 |   128 ||   402
       Skin              |       |     7 |       ||     7
Dodge: Dodged            |   112 |    48 |    22 ||   182
Block: Shield            |    20 |    70 |    56 ||   146
